 Dungeon Crawl Stone Soup version 0.28-a0-863-g8cecda6153 (console) character file.

Game seed: 11829504749913603984

1414 jejorda2 the Basher (level 8, -2/76 HPs)
             Began as a Gargoyle Berserker on Nov 17, 2021.
             Was a Priest of Trog.
             Killed from afar by a gargoyle (10 damage)
             ... with a stone arrow
             ... on level 6 of the Dungeon.
             The game lasted 00:13:40 (5809 turns).

jejorda2 the Basher (Gargoyle Berserker)            Turns: 5809, Time: 00:13:40

Health: -2/76      AC: 18    Str: 24    XL:     8   Next: 71%
Magic:  0/8        EV:  8    Int:  7    God:    Trog [***...]
Gold:   263        SH:  0    Dex:  9    Spells: 7/7 levels left

rFire   + . .      SeeInvis .   a - +1 flail (holy)
rCold   . . .      Faith    .   (no shield)
rNeg    + . .      Spirit   +   z - +1 chain mail {rF+}
rPois   ∞          Reflect  .   (no helmet)
rElec   +          Harm     .   y - +0 cloak
rCorr   .          Rampage  .   (no gloves)
Will    .....                   (no boots)
Stlth   ..........              d - amulet of guardian spirit
HPRegen 0.22/turn               (no ring)
MPRegen 0.11/turn               (no ring)

@: berserking, very quick
A: sickness immunity, AC +5, negative energy resistance 1, electricity
resistance, torment resistance 1, petrification resistance
a: Renounce Religion, Berserk, Trog's Hand


You were on level 6 of the Dungeon.
You worshipped Trog.
Trog was most pleased with you.
You visited 1 branch of the dungeon, and saw 6 of its levels.

You collected 287 gold pieces.
You spent 24 gold pieces at shops.

Inventory:

Hand Weapons
 a - a +1 flail of holy wrath (weapon)
 i - a +4 dagger of electrocution
 t - a +0 flail
Missiles
 c - 135 stones
 m - 36 poisoned darts (quivered)
 s - 3 boomerangs
 w - 6 javelins
Armour
 y - a +0 cloak (worn)
 z - a +1 chain mail of fire resistance (worn)
Jewellery
 d - an amulet of guardian spirit (around neck)
Wands
 k - a wand of mindburst (9)
 o - a wand of flame (21)
Scrolls
 b - a scroll of fog
 f - a scroll of enchant armour {unknown}
 g - a scroll of brand weapon {unknown}
 j - 2 scrolls of teleportation {unknown}
 n - a scroll of magic mapping {unknown}
 q - a scroll of silence {unknown}
 u - a scroll of noise {unknown}
 v - 2 scrolls of torment {unknown}
Potions
 e - a potion of mutation
 h - a potion of might
 l - 3 potions of curing
 p - 2 potions of heal wounds
 r - a potion of flight
 x - 2 potions of attraction {unknown}


   Skills:
 - Level 6.0 Fighting
 * Level 8.4 Maces & Flails
 - Level 6.0 Armour
 - Level 1.5 Dodging


You had 7 spell levels left.
You didn't know any spells.
Your spell library was empty.

Dungeon Overview and Level Annotations

Branches:
Dungeon (6/15)             Temple (0/1) D:4

Altars:
Ashenzari
Okawaru
The Shining One

Shops:
D:1 [   D:2 :(?   D:4 (   D:5 *


Innate Abilities, Weirdness & Mutations

You are immune to sickness and miasma.
Your stone body is resilient. (AC +5)
You are immune to poison.
You resist negative energy. (rN+)
You are resistant to electric shocks. (rElec)
You are resistant to unholy torment.
You are immune to petrification.


Message History

You hit the gargoyle but do no damage.
The gargoyle is heavily damaged.
The gargoyle barely misses you.
You hit the gargoyle but do no damage.
The gargoyle is heavily damaged.
The gargoyle hits you with a +0 mace.
You barely miss the gargoyle.
The gargoyle is heavily damaged.
The gargoyle hits you but does no damage.
You hit the gargoyle but do no damage.
The gargoyle is heavily damaged.
The gargoyle hits you with a +0 mace.
You hit the gargoyle.
The gargoyle is heavily damaged.
The gargoyle hurls a stone arrow at you.
The stone arrow hits you!!
* * * LOW HITPOINT WARNING * * *
You hit the gargoyle.
The gargoyle is severely damaged.
The gargoyle hits you with a +0 mace.
* * * LOW HITPOINT WARNING * * *
You hit the gargoyle but do no damage.
The gargoyle is severely damaged.
An orc comes into view. It is wielding a +0 short sword.
The gargoyle barely misses you.
You hit the gargoyle but do no damage.
The gargoyle is severely damaged.
The gargoyle hits you with a +0 mace!
* * * LOW HITPOINT WARNING * * *
A red film seems to cover your vision as you go berserk!
You feel yourself moving faster!
You feel mighty!
The gargoyle hurls a stone arrow at you.
The stone arrow misses you.
You sock the gargoyle!
The gargoyle is almost destroyed.
You hit the gargoyle but do no damage.
The gargoyle is almost destroyed.
The gargoyle hurls a stone arrow at you.
The stone arrow hits you!
You die...

#### 9..#
#..###
#....
#..########
#..o9@....#
#.<######.#
#:## #.
##### ##
.....


You could see a gargoyle and an orc.

Vanquished Creatures
  Grinder (D:5)
  Edmund (D:5)
  A necrophage (D:6)
  An ice beast (D:5)
  An ogre (D:4)
  2 centaurs (D:5)
  Blork the orc (D:5)
  A kobold brigand (D:3)
  A bullfrog (D:6)
  A scorpion (D:4)
  A howler monkey (D:4)
  A hound (D:5)
  Crazy Yiuf (D:5)
  2 bullfrog skeletons (D:5)
  2 iguanas (D:5)
  A hound skeleton (D:5)
  7 gnolls
  6 adders
  A white imp (D:3)
  2 adder skeletons (D:4)
  3 worms
  A dart slug (D:1)
  5 orcs
  3 ball pythons
  7 bats
  7 endoplasms
  2 giant cockroaches
  7 goblins
  9 hobgoblins
  2 jackals (D:2)
  14 kobolds
  7 quokkas
  6 frilled lizards
  5 rats
113 creatures vanquished.

Notes
Turn   | Place    | Note
-------+----------+-------------------------------------------
     0 | D:1      | jejorda2 the Gargoyle Berserker began the quest for the
                  | Orb.
     0 | D:1      | Reached XP level 1. HP: 14/14 MP: 1/1
   156 | D:1      | Reached XP level 2. HP: 14/19 MP: 2/2
   866 | D:1      | Found Bucych's Antique Armour Shop.
   985 | D:1      | Found a faded altar of an unknown god.
  1100 | D:1      | Reached XP level 3. HP: 23/23 MP: 3/3
  1406 | D:2      | Reached ** piety under Trog
  1636 | D:2      | Reached XP level 4. HP: 29/29 MP: 4/4
  1658 | D:2      | Reached skill level 4 in Maces & Flails
  1712 | D:2      | Found Vopahyd's Antique Weapon Shoppe.
  2032 | D:2      | Found Loprid's Magic Scroll Emporium.
  2041 | D:2      | Bought a scroll of identify for 24 gold pieces
  2235 | D:2      | Found Uzittein's Book Emporium.
  2493 | D:3      | Found a broken altar of Ashenzari.
  2796 | D:3      | Noticed a kobold brigand
  2808 | D:3      | Killed a kobold brigand
  2809 | D:3      | Reached XP level 5. HP: 18/34 MP: 5/5
  3032 | D:3      | Found an iron altar of Okawaru.
  3346 | D:4      | Reached *** piety under Trog
  3367 | D:4      | Reached skill level 5 in Maces & Flails
  3410 | D:4      | Reached XP level 6. HP: 38/39 MP: 6/6
  3797 | D:4      | Reached skill level 5 in Fighting
  3893 | D:4      | Found a staircase to the Ecumenical Temple.
  4064 | D:4      | Found Lanere's Weapon Emporium.
  4086 | D:5      | Entered Level 5 of the Dungeon
  4129 | D:5      | Reached XP level 7. HP: 44/44 MP: 7/7
  4147 | D:5      | Found a glowing golden altar of the Shining One.
  4178 | D:5      | Noticed Grinder
  4195 | D:5      | Reached skill level 6 in Maces & Flails
  4202 | D:5      | Paralysed by something for 6 turns
  4210 | D:5      | Killed Grinder
  4505 | D:5      | Noticed Blork the orc
  4513 | D:5      | Killed Blork the orc
  4514 | D:5      | Reached skill level 5 in Armour
  4720 | D:5      | Reached XP level 8. HP: 51/51 MP: 8/8
  4740 | D:5      | HP: 2/51 [centaur/arrow (12)]
  5092 | D:5      | Reached skill level 7 in Maces & Flails
  5367 | D:5      | Found Nikim's Neck Hole.
  5654 | D:5      | Noticed Edmund
  5661 | D:5      | Killed Edmund
  5711 | D:5      | Found a runed translucent door.
  5712 | D:5      | Noticed Crazy Yiuf
  5718 | D:5      | Killed Crazy Yiuf
  5784 | D:6      | Noticed a gargoyle
  5790 | D:6      | Reached skill level 8 in Maces & Flails
  5809 | D:6      | Killed from afar by a gargoyle

Illustrated notes

Levels and vault maps discovered:
D:1:      dpeg_arrival_subterranean_lakeside_camping, layout_basic,
          hellmonk_ecumenical_altar_crossroads, serial_shops,
          nicolae_shop_hallway_stairs, serial_park_tiny_1
D:2:      layout_loops_ring, serial_shops,
          nicolae_shop_temple_entry_statues_fountains, shop, shop,
          minmay_pentomino_v4
D:3:      cheibrodos_thug_alley, layout_rooms, cheibrodos_ashenzari_chains,
          okawaru_ov_weapons_minmay, corexii_leaking_fountain
D:4:      layout_rooms, minmay_temple_entry_ruins, serial_shops,
          nicolae_shop_behind_doors
D:5:      layout_loops_ring, nicolae_tso_carved_into_rock,
          nicolae_shop_sticking_my_neck_out, uniq_crazy_yiuf_cottage,
          uniq_edmund, uniq_blork_the_orc, uniq_grinder
D:6:      layout_loops_ring, lemuel_round_altar, hangedman_decor_points,
          uniq_duvessa, uniq_menkaure

Skill      XL: |  1  2  3  4  5  6  7  8 |
---------------+-------------------------+-----
Maces & Flails | 4 5 6 8 |  8.4
Fighting       | 4 5 6 |  6.0
Armour         | 3 4 5 6 |  6.0
Dodging        | |  1.5

Action                   |  1- 3 |  4- 6 |  7- 9 || total
-------------------------+-------+-------+-------++-------
Melee: Mace              |   122 |    14 |       ||   136
       Dagger            |       |   128 |    98 ||   226
       Flail             |       |       |    26 ||    26
Throw: Stone             |     8 |     3 |       ||    11
       Dart              |       |    33 |     2 ||    35
Invok: Berserk           |     1 |     2 |     6 ||     9
       Trog's Hand       |       |       |     1 ||     1
Evoke: Wand              |       |       |     1 ||     1
  Use: Scroll            |       |     3 |     5 ||     8
       Potion            |       |       |     1 ||     1
Armor: Animal skin       |    13 |       |       ||    13
       Leather armour    |    35 |    20 |       ||    55
       Ring mail         |       |    18 |       ||    18
       Scale mail        |       |     9 |    87 ||    96
       Skin              |       |       |     1 ||     1
       Chain mail        |       |       |    16 ||    16
Dodge: Dodged            |    93 |    66 |    79 ||   238

Table legend: (Time is in decaauts)
 A = Elapsed time spent in this place.
 B = Non-inter-level travel time spent in this place.
 C = Inter-level travel time spent in this place.
 D = Time resting spent in this place.
 E = Time spent auto-exploring this place.
 F = Levels seen in this place.
 G = Mean time per level.
                   A        B        C        D        E       F      G
               +--------+--------+--------+--------+--------+-----+--------+
         Total |   5913 |   5694 |    219 |    929 |   3703 |   6 |  985.5 |
       Dungeon |   5913 |   5694 |    219 |    929 |   3703 |   6 |  985.5 |
               +--------+--------+--------+--------+--------+-----+--------+

Top non-repeatable levels by time:
     D:5: 1401 daAuts
     D:1: 1167 daAuts
     D:2: 1138 daAuts
     D:3: 1047 daAuts
     D:4: 805 daAuts
     D:6: 354 daAuts
